 Dungeon Crawl Stone Soup version 0.21.1-1-g345015fe64 (webtiles) character file.

25 Mrkan the Sneak (level 2, -5/14 HPs)
             Began as a Spriggan Assassin on May 8, 2018.
             Slain by Sigmund
             ... wielding a +0 scythe of venom
              (10 damage)
             ... on level 2 of the Dungeon.
             The game lasted 00:02:41 (1902 turns).

Mrkan the Sneak (Spriggan Assassin)                 Turns: 1902, Time: 00:02:42

Health: -5/14      AC:  3    Str:  7    XL:     2   Next: 86%
Magic:  3/3        EV: 18    Int: 12    God:
Gold:   79         SH:  0    Dex: 17    Spells: 1/1 levels left

rFire    . . .     SeeInvis +   m - +0 dagger (venom)
rCold    . . .     Gourm    .   (shield restricted)
rNeg     . . .     Faith    .   c - +0 robe
rPois    .         Spirit   .   (helmet restricted)
rElec    .         Reflect  .   d - +0 cloak
rCorr    .         Harm     .   (gloves unavailable)
MR       .....                  (boots unavailable)
Stlth    +++.......             (no amulet)
HPRegen  0.04/turn              (no ring)
MPRegen  0.08/turn              (no ring)

@: lethally poisoned (-5 -> -13), very quick
A: very small, unfitting armour, see invisible, herbivore, speed 3, slow
metabolism 2
a: no special abilities


You were on level 2 of the Dungeon.
You were not hungry.

You visited 1 branch of the dungeon, and saw 2 of its levels.

You collected 79 gold pieces.

Inventory:

Hand Weapons
 a - a +2 dagger
 b - a +0 blowgun
 m - a +0 dagger of venom (weapon)
Missiles
 e - 8 poisoned needles
 f - 2 curare-tipped needles
Armour
 c - a +0 robe (worn)
 d - a +0 cloak (worn)
 l - a +0 cloak
Jewellery
 i - a cursed -4 ring of intelligence {unknown}
Scrolls
 j - a scroll of amnesia {unknown}
 k - 5 scrolls of identify {unknown}
Potions
 h - a potion of magic {unknown}
Comestibles
 g - 2 rations


   Skills:
 - Level 1.5 Fighting
 + Level 2.5 Short Blades
 - Level 2.0 Throwing
 * Level 2.9 Dodging
 * Level 6.5 Stealth


You had one spell level left.
You didn't know any spells.

Dungeon Overview and Level Annotations

Branches:
Dungeon (2/15)

Altars:
Xom

Annotations:
D:2 Sigmund


Innate Abilities, Weirdness & Mutations

You are very small and have problems with some larger weapons.
You are too small for most types of armour.
You have supernaturally acute eyesight. (SInv)
You are a herbivore.
You cover ground extremely quickly.
You need consume almost no food.


Message History

You are lethally poisoned!
The rat misses you.
You hit Sigmund but do no damage.
Sigmund is lightly wounded.
You feel sick. The goblin closely misses you. Sigmund completely misses you.
You barely miss Sigmund.
You feel sick. The rat closely misses you. The goblin misses you.
You hit Sigmund.
Sigmund is poisoned.
Sigmund is lightly wounded.
The rat barely misses you. Sigmund misses you.
The goblin hits you but does no damage.
You hit Sigmund.
Sigmund is lightly wounded.
You feel sick. The rat completely misses you.
You barely miss Sigmund.
Sigmund is lightly wounded.
The goblin barely misses you.
Sigmund hits you with a scythe of venom!
Ouch! That really hurt!
You die...

#####...)...#
#.......#
#.......#
##.....##
##....###
#.......#
#.......#
#.......#
........g@#
........r@#
.##.......#
#.....<.#
#.......#
#.......#
#.......#
%........


You could see Sigmund (invisible), a goblin and a rat.

Vanquished Creatures
  3 dart slugs
  A leopard gecko (D:1)
  A ball python (D:2)
  2 giant cockroaches (D:1)
  2 goblins (D:1)
  2 hobgoblins (D:1)
  2 bats (D:1)
  A frilled lizard (D:1)
  A kobold (D:1)
  3 rats (D:1)
18 creatures vanquished.

Notes
Turn   | Place    | Note
-------+----------+-------------------------------------------
     0 | D:1      | Mrkan the Spriggan Assassin began the quest for the Orb.
     0 | D:1      | Reached XP level 1. HP: 10/10 MP: 2/2
   113 | D:1      | Reached skill level 6 in Stealth
   244 | D:1      | Reached XP level 2. HP: 10/14 MP: 3/3
  1376 | D:1      | Found a hazy altar of Hepliaklqana.
  1382 | D:1      | Found a basalt altar of Yredelemnul.
  1382 | D:1      | Found a shimmering altar of Xom.
  1384 | D:1      | Found a shattered altar of Ashenzari.
  1384 | D:1      | Found a bloodstained altar of Trog.
  1384 | D:1      | Found a basalt altar of Yredelemnul.
  1884 | D:2      | Noticed Sigmund
  1902 | D:2      | Slain by Sigmund

Skill      XL: |  1 |
---------------+----+-----
Dodging        | 2 |  2.9
Stealth        | 6 |  6.5
Fighting       | |  1.5
Short Blades   | |  2.5
Throwing       | |  2.0

Action                   || total
-------------------------++-------
Melee: Dagger            ||    61
 Stab: Sleeping          ||     3
Armor: Robe              ||     7
Dodge: Dodged            ||    54
